 Dungeon Crawl Stone Soup version 0.30-b1-2-g02819fbbbe (webtiles) character file.

Game seed: 3099143065172406310

14889 Lolow the Bludgeoner (level 11, -10/82 HPs)
             Began as a Minotaur Berserker on May 23, 2023.
             Was an Elder of Trog.
             Mangled by a warg (13 damage)
             ... led by an orc knight
             ... on level 1 of the Orcish Mines on May 27, 2023.
             The game lasted 02:15:49 (13948 turns).

Lolow the Bludgeoner (Minotaur Berserker)          Turns: 13948, Time: 02:15:49

Health: -10/82     AC: 17    Str: 27    XL:     11   Next: 94%
Magic:  10/10      EV: 10    Int:  4    God:    Trog [****..]
Gold:   493        SH:  0    Dex: 15    Spells: 7/10 levels left

rFire   . . .        A - +7 flail (protect)
rCold   . . .        (no shield)
rNeg    . . .        r - +2 chain mail
rPois   +            (helmet restricted)
rElec   .            (no cloak)
rCorr   .            (no gloves)
SInv    .            d - +1 pair of boots
Will    .....        I - amulet of the acrobat Stlth
                     y - ring of poison resistance
HPRegen 0.33/turn    w - +6 ring of dexterity
MPRegen 0.12/turn

%: acrobat
@: on berserk cooldown, slowed, studying Dodging, invisible, very slow
A: horns 2, retaliatory headbutt
a: Renounce Religion, Berserk, Trog's Hand, Brothers in Arms


You were on level 1 of the Orcish Mines.
You worshipped Trog.
Trog was greatly pleased with you.
You visited 3 branches of the dungeon, and saw 13 of its levels.

You collected 589 gold pieces.
You spent 96 gold pieces at shops.

Inventory:

Hand Weapons
 a - a +0 hand axe
 k - a +0 sling
 A - a +7 flail of protection (weapon)
 B - a +0 short sword
 V - a +4 hand axe of freezing
 X - a +1 battleaxe of distortion
Missiles
 e - 27 poisoned darts (quivered)
 m - 50 stones
 s - a throwing net
 R - 2 large rocks
Armour
 d - a +1 pair of boots (worn)
 n - the +4 ring mail of Ysyakhlitza {Int+2}
   (You found it on level 7 of the Dungeon)

   Int:       It affects your intelligence (+2).
 r - a +2 chain mail (worn)
 E - an orb of wrath
 O - a +0 plate armour
Magical Staves
 t - the staff of fire "Qunuohyi" {Contam rPois rF+ Int+6}
   (You found it on level 2 of the Dungeon)

   [staff of fire]

   Base accuracy: +5 Base damage: 5 Base attack delay: 1.2 This weapon's minimum
   attack delay (0.6) is reached at skill level 12.
   Int:       It affects your intelligence (+6).
   rF:        It protects you from fire.
   rPois:     It protects you from poison.
   Contam:    It causes magical contamination when unequipped.
   It falls into the 'Staves' category.
   It is a one-handed weapon.
   Trog disapproves of the use of such an item.
 T - a staff of air
Jewellery
 w - a +6 ring of dexterity (right hand)
 y - a ring of poison resistance (left hand)
 I - an amulet of the acrobat (around neck)
 S - a ring of magical power
 U - an amulet of magic regeneration
Wands
 p - a wand of mindburst (5)
 z - a wand of flame (8)
 K - a wand of iceblast (9)
 Q - a wand of polymorph (4)
 Y - a wand of quicksilver (4)
Scrolls
 b - a scroll of magic mapping
 c - 3 scrolls of amnesia
 u - 4 scrolls of teleportation
 C - a scroll of torment
 D - a scroll of acquirement
 J - a scroll of poison
 P - a scroll of blinking {unknown}
 W - a scroll of identify
Potions
 f - a potion of lignification {unknown}
 g - a potion of heal wounds
 h - 2 potions of resistance
 i - a potion of flight {unknown}
 j - 6 potions of curing
 l - 2 potions of mutation
 o - 4 potions of berserk rage
 q - a potion of might {unknown}
 x - 3 potions of haste
 F - a potion of cancellation {unknown}
 G - a potion of brilliance
 H - a potion of ambrosia {unknown}
 L - 3 potions of magic
 M - 2 potions of degeneration {unknown}
 N - 3 potions of attraction {unknown}


   Skills:
 - Level 3.6 Fighting
 - Level 12.2(15.5) Axes
 * Level 15.3(17.0) Maces & Flails
 + Level 12.9 Armour
 - Level 2.1 Dodging


You had 7 spell levels left.
You knew the following spells:

 Your Spells              Type           Power      Damage    Failure   Level
a - Ignite Poison         Fire/Tmut/Pois 0%         N/A       99%         3

Your spell library contained the following spells:

 Spells                   Type           Power      Damage    Failure   Level
 Freeze                   Ice            0%         1d3       88%         1
 Sandblast                Erth           0%         2d4       88%         1
 Passwall                 Tmut/Erth      0%         N/A       96%         2
 Frozen Ramparts          Ice            0%         1d1       99%         3
 Hailstorm                Conj/Ice       0%         3d3       99%         3
 Inner Flame              Hex/Fire       0%         N/A       99%         3
 Stone Arrow              Conj/Erth      0%         3d7       99%         3
 Tukima's Dance           Hex            0%         N/A       99%         3
 Flame Wave               Conj/Fire      0%         2d4       100%        4
 Passage of Golubria      Tloc           0%         N/A       100%        4
 Sticky Flame             Conj/Fire      0%         2d3       100%        4
 Yara's Violent Unravell  Hex/Tmut       0%         3d3       100%        5
 Ignition                 Fire           0%         3d3       100%        8


Dungeon Overview and Level Annotations

Branches:
Dungeon (11/15)            Temple (1/1) D:7            Lair (0/5) D:8
    Orc (1/2) D:11

Altars:
Ashenzari
Cheibriados
Dithmenos
Elyvilon
Fedhas
Gozag
Hepliaklqana
Kikubaaqudgha
Makhleb
Nemelex Xobeh
Okawaru
Qazlal
Ru
Sif Muna
Trog
Uskayaw
Vehumet
Wu Jian
Xom
Yredelemnul
Zin
The Shining One

Shops:
D:1 (   D:6 !

Annotations:
D:5 exclusion: downstairs
D:11 exclusion: orange crystal statue
Orc:1 Erolcha


Innate Abilities, Weirdness & Mutations

You have a pair of horns on your head.
You reflexively headbutt those who attack you in melee.


Message History

You barely miss the orc priest.
The orc priest is almost dead.
The orc warrior barely misses you.
The orc priest mumbles some strange prayers to Beogh against you.
You struggle to resist.
The orc wizard barely misses you. The warg bites you but does no damage.
You fade into invisibility!
The warg bites you but does no damage. The orc warrior completely misses you.
The orc wizard hits you but does no damage.
The orc priest calls down the wrath of Beogh upon you.
Pain shoots through your body!
* * * LOW HITPOINT WARNING * * *
The warg closely misses you. The orc priest barely misses you.
The orc warrior hits you but does no damage.
The orc wizard hits you but does no damage.
You feel better.
The orc wizard no longer looks unusually strong.
The warg bites you.
The orc warrior hits you but does no damage.
The orc priest looks satisfied for a moment.
The orc wizard roars repeatedly.
The orc wizard misses you. You furiously retaliate!
You headbutt the orc wizard. The warg bites you but does no damage.
You closely miss the orc priest.
The orc priest is almost dead.
The warg bites you but does no damage. The orc warrior closely misses you.
The orc priest barely misses you. You furiously retaliate!
You headbutt the orc priest!
You kill the orc priest!
Trog accepts your kill.
You closely miss the orc wizard.
The orc wizard is lightly wounded.
The warg bites you but does no damage.
The orc warrior hits you with a +0 mace.
* * * LOW HITPOINT WARNING * * *
Something hits you!!
* * * LOW HITPOINT WARNING * * *
The orc wizard closely misses you. You furiously retaliate!
You headbutt the orc wizard! The warg bites you!
You die...

..##... .......
###. ....... .....
...._.. .....
....... ###.....
.....##......
#.$o.....# #@o.##
. ##.h..# .$
#.....## ...
..#....<$####.>..
#.......))#....#
......#.)).....#
......###)))).###
#..... #...)...#
#................#


You could see a warg, an orc warrior (unable to see you) and an orc wizard
(unable to see you).

Vanquished Creatures
  An ogre mage (D:11)
  5 two-headed ogres
  An orc knight (Orc:1)
  2 cyclopes
  A gargoyle (D:11)
  An unseen horror (D:10)
  3 trolls
  Grinder (D:3)
  A hornet (D:9)
  12 yaks
  A wraith (D:9)
  A wyvern (D:9)
  A water elemental (D:11)
  2 steam dragons (D:8)
  4 wargs
  Edmund (D:6)
  2 water moccasins
  13 orc warriors
  2 ice beasts (D:5)
  A sky beast (D:8)
  4 ogres
  7 centaurs
  3 kobold brigands
  Blork the orc (D:4)
  2 bullfrogs
  A gnoll sergeant (D:9)
  2 scorpions
  3 wights (D:9)
  7 killer bees
  4 howler monkeys (D:11)
  A crimson imp (D:5)
  3 jellies
  3 hounds
  21 orc priests
  A gnoll bouda (D:8)
  6 iguanas (D:5)
  16 orc wizards
  A sleepcap (D:5)
  Robin (D:3)
  8 gnolls
  8 adders
  2 shadow imps (D:8)
  4 white imps
  A worm (D:4)
  60 orcs
  7 endoplasms
  13 goblins
  13 hobgoblins
  7 jackals (D:2)
  A quokka (D:4)
  5 ball pythons
  2 bats (D:2)
  6 frilled lizards
  A goblin zombie (D:5)
  5 hobgoblin zombies (D:5)
  22 kobolds
  A kobold zombie (D:5)
  An orc skeleton (D:5)
  10 rats
320 creatures vanquished.

Notes
Turn   | Place    | Note
-------+----------+-------------------------------------------
     0 | D:1      | Lolow the Minotaur Berserker began the quest for the Orb.
     0 | D:1      | Reached XP level 1. HP: 19/19 MP: 0/0
   804 | D:1      | Reached XP level 2. HP: 26/26 MP: 1/1
  1345 | D:1      | Found Goedud's Antique Weapon Shoppe.
  1959 | D:2      | Reached skill level 5 in Axes
  1965 | D:2      | Reached XP level 3. HP: 31/31 MP: 2/2
  2148 | D:2      | Reached ** piety under Trog
  2206 | D:2      | Identified the staff of fire "Qunuohyi" {Contam rPois rF+
                  | Int+6}
  2311 | D:2      | Reached XP level 4. HP: 38/39 MP: 3/3
  2466 | D:2      | Found a shimmering altar of Xom.
  2550 | D:3      | Found a stormy altar of Qazlal.
  2709 | D:3      | Noticed Grinder
  2728 | D:3      | Paralysed by Grinder for 3 turns
  2737 | D:3      | Killed Grinder
  2738 | D:3      | Reached XP level 5. HP: 34/45 MP: 4/4
  2738 | D:3      | Reached XP level 6. HP: 39/51 MP: 5/5
  2943 | D:3      | Noticed Robin
  2951 | D:3      | Killed Robin
  2981 | D:3      | Found a shadowy altar of Dithmenos.
  3296 | D:3      | Was placed under penance by Trog
  3300 | D:3      | Learned a level 3 spell: Ignite Poison
  3627 | D:4      | Was forgiven by Trog
  3974 | D:4      | Noticed a yak
  3995 | D:4      | Killed a yak
  3996 | D:4      | Reached XP level 7. HP: 57/57 MP: 6/6
  4062 | D:4      | Noticed Blork the orc
  4070 | D:4      | Killed Blork the orc
  4346 | D:5      | Entered Level 5 of the Dungeon
  4413 | D:5      | Reached skill level 10 in Axes
  4877 | D:5      | Reached skill level 5 in Armour
  5052 | D:5      | Found a glowing golden altar of the Shining One.
  5068 | D:5      | Reached XP level 8. HP: 64/64 MP: 7/7
  5888 | D:5      | Identified a scroll of acquirement
  5888 | D:5      | Acquired a +6 ring of dexterity
  6047 | D:6      | Found Lecrobya's Distillery.
  6054 | D:6      | Bought a potion of heal wounds for 60 gold pieces
  6054 | D:6      | Bought a potion of curing for 36 gold pieces
  6252 | D:6      | Reached *** piety under Trog
  6317 | D:6      | Noticed Edmund
  6330 | D:6      | Killed Edmund
  6426 | D:6      | Reached skill level 1 in Maces & Flails
  6590 | D:6      | Reached skill level 2 in Maces & Flails
  6689 | D:6      | Found a hide-covered altar of Uskayaw.
  6931 | D:7      | Reached skill level 3 in Maces & Flails
  6932 | D:7      | Reached XP level 9. HP: 70/70 MP: 8/8
  7119 | D:7      | Found a staircase to the Ecumenical Temple.
  7161 | D:7      | Identified the +4 ring mail of Ysyakhlitza {Int+2}
  7186 | D:7      | Reached skill level 4 in Maces & Flails
  7480 | D:7      | Reached skill level 5 in Maces & Flails
  7622 | Temple   | Entered the Ecumenical Temple
  7798 | D:8      | Noticed a troll
  7810 | D:8      | Reached skill level 6 in Maces & Flails
  7818 | D:8      | Killed a troll
  7819 | D:8      | Reached skill level 7 in Maces & Flails
  8089 | D:8      | Found a staircase to the Lair.
  8134 | D:8      | Reached skill level 8 in Maces & Flails
  8443 | D:8      | Noticed a two-headed ogre
  8471 | D:7      | Killed a two-headed ogre
  8472 | D:7      | Reached skill level 9 in Maces & Flails
  8472 | D:7      | Reached XP level 10. HP: 77/77 MP: 9/9
  9060 | D:9      | Reached skill level 10 in Maces & Flails
  9092 | D:9      | Found a bloodstained altar of Trog.
  9153 | D:9      | Reached skill level 10 in Armour
  9230 | D:9      | Noticed a two-headed ogre
  9239 | D:9      | Killed a two-headed ogre
  9240 | D:9      | Reached skill level 11 in Maces & Flails
 10691 | D:9      | Found a radiant altar of Vehumet.
 10820 | D:10     | Entered Level 10 of the Dungeon
 10921 | D:10     | Reached skill level 12 in Maces & Flails
 11164 | D:10     | Acquired a manual of Dodging
 11212 | D:10     | Reached XP level 11. HP: 82/82 MP: 10/10
 11283 | D:10     | Reached **** piety under Trog
 11543 | D:10     | Found a sacrificial altar of Ru.
 11634 | D:10     | Reached skill level 13 in Maces & Flails
 12339 | D:11     | Noticed an ogre mage
 12610 | D:11     | Noticed a two-headed ogre
 12623 | D:11     | Killed a two-headed ogre
 12624 | D:11     | Killed an ogre mage
 12625 | D:11     | Reached skill level 14 in Maces & Flails
 12639 | D:11     | Noticed a two-headed ogre
 12647 | D:11     | Killed a two-headed ogre
 12661 | D:11     | Noticed a two-headed ogre
 12685 | D:11     | Killed a two-headed ogre
 13534 | D:11     | Noticed an orange crystal statue
 13814 | D:11     | Found a staircase to the Orcish Mines.
 13823 | Orc:1    | Entered Level 1 of the Orcish Mines
 13826 | Orc:1    | Reached skill level 15 in Maces & Flails
 13906 | Orc:1    | Noticed an orc knight
 13921 | Orc:1    | Noticed Erolcha
 13933 | Orc:1    | Killed an orc knight
 13948 | Orc:1    | HP: 3/82 [something (21)]
 13948 | Orc:1    | Mangled by a warg

Illustrated notes

Levels and vault maps discovered:
D:1:      ebering_trefoil_twist, layout_basic, serial_shops,
          nicolae_shop_overgrown_old_shop, minmay_heptomino_h4
D:2:      layout_rooms, basic_altar
D:3:      layout_basic, grunt_dithmenos_smoke_and_mirrors,
          mainiacjoe_overflow_concentric_impassable, hangedman_decor_growths,
          uniq_robin, uniq_grinder
D:4:      layout_basic, minmay_diced_spiral, uniq_blork_the_orc
D:5:      layout_loops_ring, nicolae_tso_besieged_by_evil, hex_medium
D:6:      layout_loops_ring, kennysheep_mini_moat, serial_shops,
          nicolae_shop_just_a_little_nook, minmay_fractal_squares_5, uniq_edmund
D:7:      layout_basic, minmay_temple_entry_proselytizer
D:8:      layout_rooms, erik_lair_orcish_takeover
D:9:      layout_long_grid, marbit_many_paths, david_defended_altar_orc
D:10:     layout_loops_ring, nicolae_ru_path_of_blood
D:11:     layout_long_grid, erik_orc_2, minivault_15
Temple:   kb_temple_of_zot
Orc:1:    layout_diamond_mine, basic_altar, uniq_erolcha

Skill      XL: |  1  2  3  4  5  6  7  8  9 10 11 |
---------------+----------------------------------+-----
Axes           | 4 5 6 8 9 10 12 | 12.2
Armour         | 3 5 7 9 11 12 | 12.9
Maces & Flails | 3 9 12 15 | 15.3
Fighting       | |  3.6
Dodging        | |  2.1

Action                     |  1- 3 |  4- 6 |  7- 9 | 10-12 || total
---------------------------+-------+-------+-------+-------++-------
  Melee: Hand axe          |    75 |   143 |   147 |       ||   365
         Headbutt          |    11 |    16 |    41 |    56 ||   124
         Punch             |       |     1 |     4 |     1 ||     6
         Flail             |       |       |   103 |   334 ||   437
  Throw: Stone             |       |     3 |     9 |     7 ||    19
         Dart              |       |       |    26 |    49 ||    75
 Invoke: Berserk           |     1 |     1 |    11 |    13 ||    26
         Trog's Hand       |       |     3 |     5 |     4 ||    12
    Use: Scroll            |     7 |     5 |     8 |     4 ||    24
         Potion            |       |       |       |     5 ||     5
 Armour: Animal skin       |    12 |       |       |       ||    12
         Ring mail         |     6 |       |       |       ||     6
         Chain mail        |     7 |    53 |   100 |   176 ||   336
  Dodge: Dodged            |    46 |    49 |    95 |   198 ||   388
